Construct Section Command Post
Selects Australian Defense Battlegroup
Selects Australian Light Infantry Section
Australian Light Infantry Section
Australian Light Infantry Section
Construct Platoon Command Post
Construct Field Infirmary
Selects 2-pounder Anti-tank Gun Team
6-pounder Anti-tank Gun Team
Australian Light Infantry Section
Construct Company Command Post
2-pounder Anti-tank Gun Team
Selects Vehicle Over Repair
Selects CMP 15cwt Supply Run
Selects Reinforced Resource Caches
Selects CMP 15cwt Supply Run
Selects Artillery Trip Wire Flares
2-pounder Anti-tank Gun Team
Unlock M3 Grant Medium Tanks
Selects Archer Tank Destroyer